AoeStats
← caballolibre430

Arabia

509477943Analyzed
1v1 RM · 6d ago on Sep 26, 2026· 53m 36s· 2 players
Game mode
Random Map
Map size
Tiny (2 player)
Population
200
Speed
Normal
Resources
Standard
Victory
Conquest
Starting age
Dark Age
Ending age
Imperial Age
RankedLock teamsTeams togetherTeam positionsShared explorationLock speedFull tech treeHidden civsTurbo modeCheats
Victory
Defeat
🇦🇷 Persians · Argentina
547
+16
🇺🇸 Hindustanis · United States
547
-16
GangsterYoshi82
17:54 Feudal Age
19:14 Double-Bit Axe
19:25 Gold Mining
22:22 Castle Age
20:38 Horse Collar
20:52 Stone Mining
23:19 Pikeman
24:00 Squires
28:33 Gold Shaft Mining
34:08 Heavy Plow
36:47 Imperial Age
34:07 Town Watch
34:07 Loom
34:02 Elite Skirmisher
35:30 Stone Shaft Mining
35:27 Bow Saw
36:40 Wheelbarrow
36:41 Scale Mail Armor
37:59 Conscription
37:49 Grand Trunk Road
40:51 Hand Cart
40:36 Town Patrol
43:50 Hoardings
44:30 Chain Mail Armor
44:16 Padded Archer Armor
44:07 Fletching
44:27 Forging
44:23 Scale Barding Armor
43:44 Heavy Camel Rider
44:25 Husbandry
46:28 Chemistry
47:05 Two-Man Saw
46:35 Murder Holes
47:01 Ballistics
47:35 Leather Archer Armor
47:57 Iron Casting
47:18 Bodkin Arrow
47:39 Elite Ghulam
50:00 Shatagni
caballolibre430
10:23 Feudal Age
9:01 Loom
10:43 Double-Bit Axe
15:16 Wheelbarrow
16:17 Gold Mining
19:29 Castle Age
18:16 Forging
19:19 Bloodlines
19:49 Scale Barding Armor
21:24 Husbandry
21:26 Horse Collar
23:20 Heavy Plow
25:24 Stone Mining
25:48 Bow Saw
28:08 Iron Casting
30:24 Hand Cart
30:09 Town Watch
38:14 Imperial Age
37:01 Heated Shot
37:39 Chain Barding Armor
37:14 Fletching
39:37 Heavy Scorpion
45:01 Blast Furnace
44:37 Plate Barding Armor
45:10 Chemistry
44:31 Ballistics
43:41 Cavalier
46:10 Two-Man Saw
46:51 Savar
48:05 Town Patrol
49:22 Crop Rotation
50:22 Elite War Elephant
51:14 Citadels
51:23 Citadels
Connection lost

Rejoining the realm…

Still unreachable

The connection could not be restored.

Session expired

The server has moved on; the page needs a fresh start.